 Dungeon Crawl Stone Soup version 0.27.1-33-g824d729ab1 (console) character file.

Game seed: 7118175262841518057

966 Banquo the Chopper (level 8, -10/60 HPs)
             Began as a Djinni Fighter on Dec 16, 2021.
             Was a Follower of Ashenzari.
             Mangled by an ice beast (14 damage)
             ... on level 6 of the Dungeon.
             The game lasted 00:19:51 (8558 turns).

Banquo the Chopper (Djinni Fighter)                 Turns: 8558, Time: 00:19:51

Health: -10/60     AC:  9    Str: 15    XL:     8   Next: 38%
Gold:   170        EV: 10    Int: 19    God:    Ashenzari [*.....] SH:  7 Dex: 12

rFire    + + .     SeeInvis .   a - +0 war axe
rCold    . . .     Faith    .   i - +2 buckler
rNeg     . . .     Spirit   +   d - +1 ring mail {Will+}
rPois    ∞         Reflect  .   (no helmet)
rElec    .         Harm     .   e - +0 cloak "Oracle of Ashenzari" {Self, Evo} (curse)
rCorr    .         Rampage  .   g - +0 pair of gloves "Cryptic Annoyance" {Self, Evo} (curse)
Will     +....                  (boots unavailable)
Stlth    +.........             j - amulet of guardian spirit
HPRegen  0.20/turn              p - ring of protection from cold
MPRegen  0.00/turn              v - +6 ring of intelligence

@: mighty, flying
A: sickness immunity, fire resistance 2, cold vulnerability 1, float, innate
caster, hp casting, extra vitality 1
a: Renounce Religion, Shatter the Chains


You were on level 6 of the Dungeon.
You worshipped Ashenzari.
Ashenzari was aware of your devotion.
You visited 2 branches of the dungeon, and saw 7 of its levels.

You collected 170 gold pieces.

Inventory:

Hand Weapons
 a - a +0 war axe (weapon)
 k - a +0 dagger of venom
Missiles
 c - 178 stones (quivered)
 q - 3 javelins
 x - 14 poisoned darts
Armour
 d - a +1 ring mail of willpower (worn)
 e - the cursed +0 cloak "Oracle of Ashenzari" (worn) {Self, Evo}
   (You found it on level 4 of the Dungeon)

   It has a curse which improves the following skills: Introspection: Fighting
   and Spellcasting.
   Evocations: Evocations.
 f - a +0 plate armour
 g - the cursed +0 pair of gloves "Cryptic Annoyance" (worn) {Self, Evo}
   (You found it on level 3 of the Dungeon)

   It has a curse which improves the following skills: Introspection: Fighting
   and Spellcasting.
   Evocations: Evocations.
 i - a +2 buckler (worn)
 m - a +0 kite shield
 n - a +0 scale mail
 s - a +2 robe of cold resistance
 w - a +0 pair of gloves
Jewellery
 j - an amulet of guardian spirit (around neck)
 p - a ring of protection from cold (left hand)
 v - a +6 ring of intelligence (right hand)
Scrolls
 t - a scroll of magic mapping
Potions
 b - a potion of might
 l - a potion of mutation
 o - a potion of resistance
 r - 2 potions of brilliance
 u - a potion of curing


   Skills:
 * Level 4.1(5.6) Fighting
 * Level 6.2 Axes
 + Level 4.2 Armour
 - Level 4.0 Shields
 * Level 1.6(2.8) Spellcasting


You had 6 spell levels left.
You knew the following spells:

 Your Spells              Type           Power      Damage    Failure   Level
a - Sandblast             Erth           26%        2d8       9%          1
h - Call Canine Familiar  Summ           13%        N/A       26%         3
i - Call Imp              Summ           13%        N/A       14%         2
Your spell library was empty.

Dungeon Overview and Level Annotations

Branches:
Dungeon (6/15)             Temple (1/1) D:4

Altars:
Ashenzari
Dithmenos
Elyvilon
Gozag
Kikubaaqudgha
Nemelex Xobeh
Okawaru
Qazlal
Wu Jian
Xom
Yredelemnul

Shops:
D:5 [=*:   D:6 !


Innate Abilities, Weirdness & Mutations

You are immune to sickness and miasma.
You are immune to poison.
Your flesh is very heat resistant. (rF++)
You are vulnerable to cold. (rC-)
You float through the air rather than walking.
You learn spells naturally, not from books.
Your magical power is your life essence.
You have superior vitality. (+4 HP)


Message History

You miss the killer bee.
The killer bee stings you but does no damage.
The killer bee barely misses you.
The killer bee stings you but does no damage.
The killer bee closely misses you. x2
You miss the killer bee.
The killer bee is almost dead.
You slash the killer bee! You block the killer bee's attack.
The killer bee barely misses you. The killer bee closely misses you.
The killer bee stings you.
* * * LOW HITPOINT WARNING * * *
You block the killer bee's attack.
You slash the killer bee!
You kill the killer bee!
You closely miss the killer bee. You block the killer bee's attack.
The killer bee closely misses you.
Your base Fighting skill increases to level 4!
You closely miss the ice beast. You closely miss the killer bee.
The killer bee closely misses you. You block the ice beast's attack.
You block the killer bee's attack. The ice beast closely misses you.
You hit the ice beast.
The ice beast is moderately wounded.
You slash the killer bee!
You kill the killer bee!
The ice beast hits you but does no damage.
You slash the ice beast!
The ice beast is heavily wounded.
The ice beast hits you.
* * * LOW HITPOINT WARNING * * *
The ice beast freezes you.
* * * LOW HITPOINT WARNING * * *
You hit the ice beast.
The ice beast is severely wounded.
The ice beast hits you but does no damage.
You barely miss the ice beast.
The ice beast is severely wounded.
The ice beast hits you.
* * * LOW HITPOINT WARNING * * *
The ice beast freezes you!
You die...

#.# #.# #....#
#.. #.# #.#### ..
#.# #.# .. #)#
#.# # #. #.# #.#
... #. ###.####.#
#...#.##≈≈≈≈≈##.#
#.....y.≈###Y##.#
##!.#.#..+ #@##.#
# #.##≈###≈##.#
#..#.##≈≈≈≈≈##.#
...............#
#..(.###########
#...y #...#


You could see an ice beast.

Vanquished Creatures
  2 sky beasts
  An ogre (D:4)
  A phantom (D:4)
  2 scorpions
  A water moccasin zombie (D:6)
  3 killer bees (D:6)
  3 hounds
  2 orc priests (D:3)
  An iguana (D:5)
  A hound skeleton (D:4)
  3 adders (D:4)
  3 gnolls (D:5)
  A worm (D:2)
  A dart slug (D:1)
  5 orcs
  8 ball pythons
  5 bats
  6 endoplasms
  3 giant cockroaches
  5 goblins
  6 hobgoblins
  6 kobolds
  3 quokkas
  6 frilled lizards
  6 rats
84 creatures vanquished.

Notes
Turn   | Place    | Note
-------+----------+-------------------------------------------
     0 | D:1      | Banquo the Djinni Fighter began the quest for the Orb.
     0 | D:1      | Reached XP level 1. HP: 20/20 MP: 0/0
   376 | D:1      | Reached skill level 2 in Axes
   591 | D:1      | Reached XP level 2. HP: 19/25 MP: 0/0
  1401 | D:1      | Reached XP level 3. HP: 28/30 MP: 0/0
  1401 | D:1      | Learned a level 1 spell: Sandblast
  1977 | D:2      | Reached skill level 3 in Axes
  2316 | D:3      | Reached XP level 4. HP: 20/35 MP: 0/0
  2617 | D:3      | Found a faded altar of an unknown god.
  2638 | D:3      | Reached skill level 4 in Axes
  2638 | D:3      | Reached XP level 5. HP: 19/40 MP: 0/0
  2638 | D:3      | Learned a level 2 spell: Call Imp
  3808 | D:3      | Found a faded altar of an unknown god.
  4619 | D:4      | Found a staircase to the Ecumenical Temple.
  4630 | Temple   | Entered the Ecumenical Temple
  4827 | Temple   | Became a worshipper of Ashenzari the Shackled
  4964 | D:4      | Reached XP level 6. HP: 17/46 MP: 0/0
  5648 | D:4      | Noticed an ogre
  5655 | D:4      | Killed an ogre
  6231 | D:4      | Found a staircase to the Ecumenical Temple.
  6725 | D:5      | Entered Level 5 of the Dungeon
  6744 | D:5      | Found Zifreose's Book Shop.
  6868 | D:5      | Noticed a sky beast
  6912 | D:5      | Found Ziefur's Antique Armour Shoppe.
  6922 | D:5      | Reached skill level 5 in Axes
  6946 | D:5      | Reached XP level 7. HP: 17/51 MP: 0/0
  6946 | D:5      | Learned a level 3 spell: Call Canine Familiar
  7146 | D:5      | Noticed a shadow
  7324 | D:4      | Reached skill level 1 in Spellcasting
  7505 | D:5      | Found Meixounu's General Store.
  7687 | D:5      | Reached XP level 8. HP: 36/58 MP: 0/0
  7830 | D:5      | Reached * piety under Ashenzari
  8114 | D:5      | Found Pigull's Jewellery Shoppe.
  8327 | D:6      | Found Votamp's Distillery.
  8349 | D:6      | Reached skill level 6 in Axes
  8539 | D:6      | HP: 1/60 [killer bee (8)]
  8547 | D:6      | HP: 1/60 [killer bee (3)]
  8558 | D:6      | Mangled by an ice beast

Illustrated notes

Levels and vault maps discovered:
D:1:      amcnicky_arrival_underground_garden, layout_loops_corners,
          chequers_serial_rivers_micro_e, minmay_hedge_maze
D:2:      layout_rooms, minivault_19
D:3:      minmay_door_path, layout_loops_ring,
          shapermc_ecumenical_altar_starsandcircs,
          chequers_serial_rivers_micro_e
D:4:      layout_basic, minmay_temple_entry_sparse_star
D:5:      layout_cave_pools, serial_shops, nicolae_shop_behind_doors, shop,
          shop, nicolae_stop_n_shop_1
D:6:      layout_loops_ring, minitemple, serial_shops, shop,
          kennysheep_mini_moat
Temple:   minmay_temple_curvy_loop

Skill      XL: |  1  2  3  4  5  6  7  8 |
---------------+-------------------------+-----
Axes           | 2 3 4 5 6 |  6.2
Spellcasting   | 1 |  1.6
Armour         | 4 |  4.2
Shields        | 4 |  4.0
Fighting       | 4 |  4.1

Action                   |  1- 3 |  4- 6 |  7- 9 || total
-------------------------+-------+-------+-------++-------
Melee: War axe           |   134 |   155 |   122 ||   411
Invok: Curse Item        |       |     1 |     1 ||     2
  Use: Scroll            |       |    11 |     1 ||    12
       Potion            |       |     1 |     5 ||     6
Armor: Scale mail        |    80 |    51 |       ||   131
       Ring mail         |       |     9 |    68 ||    77
Dodge: Dodged            |    33 |    49 |    54 ||   136
Block: Kite shield       |    74 |    58 |       ||   132
       Buckler           |       |    17 |    55 ||    72
